 Dungeon Crawl Stone Soup version 0.27-a0-1182-gee19b5822f (webtiles) character file.

Game seed: 13351643755388440732

3497 mlem the Geomancer (level 10, -1/50 HPs)
             Began as a Gargoyle Earth Elementalist on May 18, 2021.
             Was a Priest of Vehumet.
             Killed from afar by Erica (19 damage)
             ... with a bolt of acid
             ... on level 8 of the Dungeon.
             The game lasted 00:16:46 (10308 turns).

mlem the Geomancer (Gargoyle Earth Elementalist)   Turns: 10308, Time: 00:16:48

Health: -1/50      AC: 17    Str: 19    XL:     10   Next: 7%
Magic:  21/21      EV: 11    Int: 18    God:    Vehumet [***...]
Gold:   400        SH:  5    Dex: 10    Spells: 15/24 levels left

rFire    . . .     SeeInvis .   n - +2 short sword (venom)
rCold    + . .     Faith    .   (no shield)
rNeg     + . .     Spirit   .   p - +2 steam dragon scales
rPois    ∞         Reflect  +   (no helmet)
rElec    +         Harm     .   D - +0 cloak
rCorr    .         Rampage  .   y - +0 pair of gloves
Will     .....                  w - +0 pair of boots
Stlth    ++........             i - amulet of reflection
HPRegen  0.16/turn              a - ring of protection from cold
MPRegen  0.17/turn              A - +6 ring of strength

@: no status effects
A: sickness immunity, AC +7, negative energy resistance 1, electricity
resistance, torment resistance 1, petrification resistance
a: Renounce Religion


You were on level 8 of the Dungeon.
You worshipped Vehumet.
Vehumet was most pleased with you.
You visited 2 branches of the dungeon, and saw 9 of its levels.
You also visited: Ossuary.

You collected 616 gold pieces.
You spent 216 gold pieces at shops.

Inventory:

Hand Weapons
 e - a +2 flail of holy wrath
 n - a +2 short sword of venom (weapon)
 B - the +5 long sword of Dust {protect, rN+ rCorr Str-2 Int+4}
   (You found it on level 8 of the Dungeon)

   It grants its wielder temporary protection when it strikes (+7 to AC).
   It affects your strength (-2).
   It affects your intelligence (+4).
   It protects you from negative energy.
   It protects you from acid and corrosion.
Missiles
 b - 342 stones
Armour
 j - a +1 pair of boots
 p - +2 steam dragon scales (worn)
 w - a +0 pair of boots (worn)
 y - a +0 pair of gloves (worn)
 D - a +0 cloak (worn)
Magical Staves
 q - a staff of fire
Jewellery
 a - a ring of protection from cold (left hand)
 d - a ring of flight
 i - an amulet of reflection (around neck)
 A - a +6 ring of strength (right hand)
Wands
 f - a wand of mindburst (22)
 x - a wand of flame (26)
 z - a wand of iceblast (1)
 C - a wand of acid (8)
Scrolls
 s - 3 scrolls of teleportation
 t - a scroll of amnesia
 E - a scroll of blinking
Potions
 c - 3 potions of brilliance
 g - 6 potions of might
 h - a potion of heal wounds
 k - 4 potions of flight
 l - a potion of resistance {unknown}
 m - 3 potions of curing
 o - a potion of cancellation {unknown}
 r - 3 potions of lignification
 u - 2 potions of attraction {unknown}
 v - a potion of invisibility {unknown}


   Skills:
 - Level 1.5 Dodging
 - Level 2.1 Stealth
 + Level 7.8 Spellcasting
 + Level 8.6 Conjurations
 - Level 0.7 Transmutations
 + Level 10.4 Earth Magic


You had 15 spell levels left.
You knew the following spells:

 Your Spells              Type           Power      Damage    Failure   Level
a - Sandblast             Erth           88%        2d18      1%          1
b - Stone Arrow           Conj/Erth      82%        3d12      1%          3
c - Lee's Rapid Deconstr  Erth           22%        3d13*     1%          5

Your spell library contained the following spells:

 Spells                   Type           Power      Damage    Failure   Level
 Static Discharge         Conj/Air       22%        N/A       1%          2
 Foxfire                  Conj/Fire      88%        2x1d8     1%          1
 Passwall                 Tmut/Erth      22%        N/A       1%          2
 Conjure Flame            Conj/Fire      22%        6-21      1%          3
 Sticky Flame             Conj/Fire      22%        2d4       4%          4
 Inner Flame              Hex/Fire       7%         N/A       9%          3
 Petrify                  Tmut/Erth      27%        N/A       10%         4
 Fireball                 Conj/Fire      11%        3d7       13%         5
 Lesser Beckoning         Tloc           3%         N/A       30%         3
 Portal Projectile        Hex/Tloc       14%        N/A       30%         3
 Swiftness                Air            7%         N/A       30%         3
 Teleport Other           Tloc           7%         N/A       30%         3
 Freezing Cloud           Conj/Ice/Air   8%         6-21      71%         6


Dungeon Overview and Level Annotations

Branches:
Dungeon (8/15)             Temple (1/1) D:5         Ossuary (visited)
   Lair: D:8-11

Altars:
Cheibriados
Dithmenos
Elyvilon
Fedhas
Gozag
Hepliaklqana
Kikubaaqudgha
Makhleb
Nemelex Xobeh
Okawaru
Qazlal
Ru
Trog
Uskayaw
Vehumet
Wu Jian
Xom
Yredelemnul
Zin
The Shining One

Shops:
D:8 **[

Annotations:
D:8 Erica


Innate Abilities, Weirdness & Mutations

You are immune to sickness and miasma.
Your stone body is resilient. (AC +7)
You are immune to poison.
You resist negative energy. (rN+)
You are resistant to electric shocks. (rElec)
You are resistant to unholy torment.
You are immune to petrification.


Message History

Things that are here:
a +1 vampiric hand axe; a +0 club; an orc corpse
Found 12 poisoned darts.
E - a scroll of blinking You open the door.
There is an open door here.
Erica the Fiery-Tempered comes into view.
She is wielding a +1 scimitar of flaming and carrying a wand of acid (5).
Erica shouts!
Erica drinks a potion.
Erica seems to speed up.
Aiming: Corrosive Bolt
Press: ? - help, Shift-Dir - straight line, f - Erica
Aim: Erica, wielding a +1 scimitar of flaming, wearing a +0 robe and carrying a wand of acid (5) (fast, 68% to hit)
The bolt of acid misses Erica.
Erica points at herself and mumbles some strange words.
Erica flickers and vanishes!
Deactivating autopickup; reactivate with Ctrl-A.
You hear some strange, mumbled words.
A bolt of poison appears from out of thin air!
The bolt of poison hits you but does no damage.
You resist.
You don't have any such object.
Evoke which item? (* to show all) (? for menu, Esc to quit)
Okay, then.
Unknown command.
Aiming: Iceblast
Press: ? - help, Shift-Dir - straight line The mass of ice explodes!
The iceblast engulfs something!
Aiming: Iceblast
Press: ? - help, Shift-Dir - straight line The mass of ice explodes!
The iceblast engulfs something!
You hear a zap.
A bolt of acid appears from out of thin air!
The bolt of acid hits you!!
You are splashed with acid!
Aiming: Iceblast
Press: ? - help, Shift-Dir - straight line The mass of ice explodes!
The iceblast engulfs something.
You hear a zap.
A bolt of acid appears from out of thin air!
The bolt of acid hits you!!
You die...

......#...#...(.....#
...##.#.#.#.#########...
...##.#.#.#####.........
...##.#.#.#...#.........
....#.#.#.#...#.........
....#...#.....#.........
..###.........#.........
..# #.........#...!{....
#.# #.#########.@.>.....
#.#
#.#...........#######
#.#
#.#...........#......
#.###.#...........#.....
#.....#...........#....
#######...........#..#
.......###+##⌠.⌠###..#
....#.........∩......#
.............⌠.⌠.....#
....


There were no monsters in sight!

Vanquished Creatures
  Maurice (D:8)
  4 yaks (D:8)
  A steam dragon (D:5)
  Menkaure (D:6)
  A water moccasin (D:6)
  A black bear (D:6)
  A necrophage (D:4)
  A sky beast (D:6)
  An ice beast (D:8)
  2 ogres
  2 elf zombies (Ossuary)
  A kobold brigand (D:8)
  A bullfrog (D:7)
  A scorpion (D:5)
  A water moccasin zombie (D:6)
  2 water moccasin skeletons
  4 killer bees (D:8)
  3 howler monkeys
  6 centaur zombies
  2 jellies (D:4)
  6 hounds
  2 human zombies (Ossuary)
  2 bullfrog skeletons (D:7)
  An iguana (D:5)
  2 orc wizards
  A killer bee zombie (D:6)
  3 mummies (Ossuary)
  A hound skeleton (D:4)
  3 gnolls (D:8)
  6 adders
  A white imp (D:6)
  An ufetubus (D:5)
  An adder skeleton (D:4)
  3 adder zombies (Ossuary)
  3 dart slugs
  5 worms
  22 orcs
  5 ball pythons
  6 endoplasms
  2 giant cockroaches
  2 gnoll zombies (Ossuary)
  4 goblins
  8 hobgoblins
  6 jackals
  14 kobolds
  3 quokkas
  7 bats
  4 frilled lizards
  7 goblin zombies (Ossuary)
  6 hobgoblin zombies (Ossuary)
  2 jackal zombies (Ossuary)
  3 kobold zombies (Ossuary)
  An orc zombie (Ossuary)
  A rat (D:2)
  7 rat zombies (Ossuary)
188 creatures vanquished.

Vanquished Creatures (others)
  A plant (D:3)
1 creature vanquished.

Grand Total: 189 creatures vanquished

Notes
Turn   | Place    | Note
-------+----------+-------------------------------------------
     0 | D:1      | mlem the Gargoyle Earth Elementalist began the quest for
                  | the Orb.
     0 | D:1      | Reached XP level 1. HP: 10/10 MP: 3/3
   146 | D:1      | Reached skill level 4 in Earth Magic
   146 | D:1      | Reached XP level 2. HP: 10/15 MP: 0/5
   298 | D:1      | Found a faded altar of an unknown god.
   534 | D:1      | Identified the Reference Book on the Spatial Birds
  1059 | D:2      | Reached XP level 3. HP: 18/19 MP: 6/6
  1064 | D:2      | Learned a level 3 spell: Stone Arrow
  1620 | D:2      | Reached skill level 1 in Conjurations
  1626 | D:2      | Reached XP level 4. HP: 17/24 MP: 6/8
  1718 | D:2      | Found a bloodstained altar of Trog.
  2493 | D:3      | Found an opulent altar of Gozag.
  3074 | D:3      | Reached skill level 5 in Earth Magic
  3659 | D:4      | Reached XP level 5. HP: 11/28 MP: 7/10
  3849 | D:4      | Found a stormy altar of Qazlal.
  3856 | D:4      | Learned a level 5 spell: Lee's Rapid Deconstruction
  3856 | D:4      | Noticed a fire elemental
  3857 | D:4      | Noticed a water elemental
  4369 | D:4      | Reached XP level 6. HP: 32/32 MP: 11/11
  4537 | D:4      | Noticed a necrophage
  4557 | D:4      | Killed a necrophage
  4558 | D:4      | Reached skill level 6 in Earth Magic
  5036 | D:4      | Noticed an air elemental
  5169 | D:5      | Entered Level 5 of the Dungeon
  5184 | D:5      | Noticed a steam dragon
  5192 | D:5      | Reached XP level 7. HP: 35/36 MP: 9/13
  5198 | D:5      | Killed a steam dragon
  5306 | D:5      | Found a staircase to the Ecumenical Temple.
  5319 | Temple   | Entered the Ecumenical Temple
  5397 | Temple   | Became a worshipper of Vehumet
  6077 | D:5      | Reached skill level 5 in Spellcasting
  6077 | D:5      | Reached skill level 7 in Earth Magic
  6202 | D:5      | Reached skill level 5 in Conjurations
  6202 | D:5      | Reached XP level 8. HP: 38/41 MP: 15/15
  6391 | D:5      | Found a hazy altar of Hepliaklqana.
  6391 | D:5      | Found a basalt altar of Yredelemnul.
  6604 | D:6      | Found a glowing golden altar of the Shining One.
  6733 | D:6      | Reached skill level 8 in Earth Magic
  7025 | D:6      | Found a sand-covered staircase.
  7039 | Ossuary  | Entered an ossuary
  7081 | Ossuary  | Reached * piety under Vehumet
  7081 | Ossuary  | Offered knowledge of Magic Dart by Vehumet.
  7768 | Ossuary  | Reached XP level 9. HP: 45/45 MP: 18/18
  7780 | Ossuary  | Reached ** piety under Vehumet
  7780 | Ossuary  | Offered knowledge of Freeze by Vehumet.
  8007 | D:6      | Found a hide-covered altar of Uskayaw.
  8039 | D:6      | Noticed Menkaure
  8052 | D:6      | Killed Menkaure
  8217 | D:6      | Reached skill level 9 in Earth Magic
  9004 | D:8      | Found Ufolew's Armour Shoppe.
  9014 | D:8      | Found Yvuhooca's General Store.
  9346 | D:8      | Found Xexuxiun's Assorted Antiques.
  9355 | D:8      | Bought a potion of might for 96 gold pieces
  9355 | D:8      | Bought a scroll of identify for 48 gold pieces
  9355 | D:8      | Bought a potion of curing for 72 gold pieces
  9469 | D:8      | Reached skill level 10 in Earth Magic
  9543 | D:8      | Identified the +5 long sword of Dust {protect, rN+ rCorr
                  | Str-2 Int+4}
  9547 | D:8      | Noticed Maurice
  9553 | D:8      | Killed Maurice
  9554 | D:8      | Reached XP level 10. HP: 21/50 MP: 8/21
  9764 | D:8      | Offered knowledge of Static Discharge by Vehumet.
  9939 | D:8      | Reached *** piety under Vehumet
 10303 | D:8      | Noticed Erica
 10308 | D:8      | Killed from afar by Erica

Illustrated notes

Levels and vault maps discovered:
D:1:      minmay_arrival_split_and_join, layout_basic,
          hellmonk_ecumenical_altar_lost_god
D:2:      minmay_alternating_diamond, layout_basic, basic_altar,
          kennysheep_generic_room_6
D:3:      cheibrodos_old_hovel, layout_basic, nicolae_overflow_crystal_walls
D:4:      minmay_razor_zed, layout_loops_ring, nicolae_qazlal_style_of_elements
D:5:      layout_basic, gammafunk_temple_overflow_elements,
          minmay_temple_entry_tees, kennysheep_generic_room_13
D:6:      layout_cave_pools, nicolae_uskayaw_dance_hall, lemuel_crystal_altar,
          enter_ossuary_1, grunt_decor_junction, uniq_menkaure
D:7:      layout_basic
D:8:      layout_gridville, serial_co_window_serial, co_window_paths_a,
          co_window_paths_a, co_window_paths_b, co_window_of_opportunity_a,
          co_window_paths_a, co_window_of_opportunity_a, co_window_paths_b,
          co_window_corner_a, co_window_of_opportunity_a,
          co_window_of_opportunity_c, co_window_corner_ca, co_window_corner_b,
          co_window_corner_b, co_window_corner_ca, co_window_corner_ca,
          co_window_corner_b, co_window_paths_e, co_window_4corner_b,
          glass_columns_c, glass_columns_a, glass_columns_a, serial_shops,
          shop_coins, shop_fountains, shop_statue, shop,
          nicolae_transmutations_shop, uniq_erica, uniq_maurice
Temple:   dpeg_chambers_temple

Skill      XL: |  1  2  3  4  5  6  7  8  9 |
---------------+----------------------------+-----
Earth Magic    | 4 5 6 7 8 10 | 10.4
Conjurations   | 1 2 3 5 6 8 |  8.6
Spellcasting   | 3 4 5 6 7 |  7.8
Dodging        | |  1.5
Stealth        | |  2.1
Transmutations | |  0.7

Action                   |  1- 3 |  4- 6 |  7- 9 | 10-12 || total
-------------------------+-------+-------+-------+-------++-------
Melee: Dagger            |    72 |    41 |       |       ||   113
       Short sword       |       |   132 |   434 |    39 ||   605
 Cast: Sandblast         |    23 |    14 |    42 |       ||    79
       Stone Arrow       |       |       |    10 |       ||    10
       Lee's Rapid Decon |       |       |     4 |       ||     4
Evoke: Wand              |       |       |       |     4 ||     4
  Use: Potion            |     1 |       |     1 |       ||     2
       Scroll            |       |     7 |     7 |     1 ||    15
 Stab: Sleeping          |     3 |     3 |     3 |       ||     9
Armor: Robe              |    28 |    56 |     8 |       ||    92
       Steam dragon scal |       |       |   240 |    23 ||   263
Dodge: Dodged            |    54 |   103 |   254 |    19 ||   430
Block: Other             |       |    11 |   126 |     9 ||   146

Table legend: (Time is in decaauts)
 A = Elapsed time spent in this place.
 B = Non-inter-level travel time spent in this place.
 C = Inter-level travel time spent in this place.
 D = Time resting spent in this place.
 E = Time spent auto-exploring this place.
 F = Levels seen in this place.
 G = Mean time per level.
                   A        B        C        D        E       F      G
               +--------+--------+--------+--------+--------+-----+--------+
         Total |  10363 |  10074 |    289 |    625 |   7739 |  10 | 1036.3 |
       Dungeon |   9125 |   8859 |    266 |    306 |   7253 |   8 | 1140.6 |
        Temple |    280 |    257 |     23 |      0 |    232 |   1 |  280.0 |
       Ossuary |    957 |    957 |      0 |    319 |    254 |   1 |  957.0 |
               +--------+--------+--------+--------+--------+-----+--------+

Top non-repeatable levels by time:
     D:2: 1658 daAuts
     D:4: 1622 daAuts
     D:8: 1315 daAuts
     D:3: 1174 daAuts
     D:5: 1160 daAuts
 Ossuary: 957 daAuts
     D:6: 852 daAuts
     D:1: 723 daAuts
     D:7: 619 daAuts
  Temple: 280 daAuts
